 Dungeon Crawl Stone Soup version 0.29-a0-330-g52719c12eb (webtiles) character file.

Game seed: 4386102897506423869

611200 boracarina the Conqueror (level 27, -9/233 HPs)
             Began as a Hill Orc Gladiator on Apr 19, 2022.
             Was a High Priest of the Shining One.
             Killed from afar by an orb of fire (10 damage)
             ... with a bolt of fire
             ... on level 5 of the Realm of Zot.
             The game lasted 03:30:12 (92611 turns).

boracarina the Conqueror (Hill Orc Gladiator)      Turns: 92611, Time: 03:30:13

Health: -9/233     AC: 39    Str: 33    XL:     27
Magic:  1/32       EV: 16    Int: 12    God:    the Shining One [*****.]
Gold:   6089       SH: 37    Dex: 18    Spells: 26/26 levels left

rFire   + + .      SeeInvis .   h - +9 broad axe (spect)
rCold   . . .      Faith    .   e - +1 tower shield {AC+3}
rNeg    + + .      Spirit   .   d - +1 gold dragon scales
rPois   +          Reflect  .   U - +0 helmet of Recklessness {rElec}
rElec   +          Harm     .   f - +2 cloak {Will+}
rCorr   .          Rampage  .   r - +1 pair of gloves of the Moon {rC- Will+ Str+4}
Will    +++++      Rnd*Tele +   H - +2 pair of boots {Fly}
Stlth   ..........              O - amulet of Vitality {Regen+ HP+15}
HPRegen 1.28/turn               k - ring of Attitude {rF+ Int+4 Dex+6}
MPRegen 0.23/turn               A - ring of willpower

@: divinely shielded, flying, glowing, unable to read
A: frail 2, low MP 1, screaming 2, teleportitis 1, weak 1, subdued magic 1,
inability to read while threatened
}: 3/15 runes: decaying, serpentine, silver
a: Renounce Religion, Divine Shield, Cleansing Flame, Summon Divine Warrior


You were on level 5 of the Realm of Zot.
You worshipped the Shining One.
The Shining One was extremely pleased with you.
You visited 11 branches of the dungeon, and saw 52 of its levels.

You collected 9295 gold pieces.
You spent 3206 gold pieces at shops.

Inventory:

Hand Weapons
 h - a +9 spectral broad axe (weapon)
 V - a +9 war axe of flaming
Armour
 d - +1 gold dragon scales (worn)
 e - a +1 tower shield of protection (worn)
 f - a +2 cloak of willpower (worn)
 r - the +1 pair of gloves of the Moon (worn) {rC- Will+ Str+4}
   (You found it on level 5 of the Dungeon)

   Str:       It affects your strength (+4).
   rC:        It makes you vulnerable to cold.
   Will:      It increases your willpower.
 H - a +2 pair of boots of flying (worn)
 U - the +0 helmet of Recklessness (worn) {rElec}
   (You bought it in a shop on level 2 of the Vaults)

   rElec:     It insulates you from electricity.
Jewellery
 k - the ring of Attitude (left hand) {rF+ Int+4 Dex+6}
   (You found it on level 2 of the Lair of Beasts)

   [ring of dexterity]

   Int:       It affects your intelligence (+4).
   Dex:       It affects your dexterity (+6).
   rF:        It protects you from fire.
 l - a ring of resist corrosion
 v - a ring of protection from cold
 w - a ring of poison resistance
 z - an amulet of guardian spirit
 A - a ring of willpower (right hand)
 F - a ring of protection from fire
 O - the amulet of Vitality (around neck) {Regen+ HP+15}
   (You took it off a death knight on level 3 of the Crypt)

   [amulet of regeneration]

   HP:        It affects your health (+15).
   Regen:     It increases your rate of health regeneration.
Wands
 g - a wand of charming (4)
 n - a wand of paralysis (33)
 o - a wand of flame (100)
 s - a wand of acid (10)
 t - a wand of mindburst (31)
 y - a wand of iceblast (32) (quivered)
 I - a wand of digging (43)
 N - a wand of polymorph (1)
Scrolls
 a - 5 scrolls of fear
 b - a scroll of holy word
 j - 10 scrolls of amnesia
 m - 10 scrolls of fog
 p - 23 scrolls of teleportation
 q - 6 scrolls of magic mapping
 x - 2 scrolls of summoning
 M - 6 scrolls of blinking
 P - 4 scrolls of brand weapon
 X - 3 scrolls of silence
Potions
 i - 3 potions of magic
 u - 20 potions of curing
 B - 11 potions of ambrosia
 G - 3 potions of cancellation
 J - 7 potions of brilliance
 S - 5 potions of might
 Y - 6 potions of lignification
 Z - 3 potions of attraction
Miscellaneous
 L - a phantom mirror


   Skills:
 O Level 27 Fighting
 O Level 27 Axes
 - Level 2.2 Throwing
 - Level 20.5 Armour
 + Level 18.4 Dodging
 - Level 20.0 Shields
 - Level 19.0 Invocations
 - Level 10.1 Evocations


You had 26 spell levels left.
You didn't know any spells.
Your spell library contained the following spells:

 Spells                   Type           Power      Damage    Failure   Level
 Apportation              Tloc           0%         N/A       99%         1
 Magic Dart               Conj           0%         1d3       99%         1
 Sandblast                Erth           0%         2d4       99%         1
 Shock                    Conj/Air       0%         1d3       99%         1
 Slow                     Hex            0%         N/A       99%         1
 Call Imp                 Summ           0%         N/A       100%        2
 Corpse Rot               Necr/Air       0%         N/A       100%        2
 Ensorcelled Hibernation  Hex/Ice        0%         N/A       100%        2
 Passwall                 Tmut/Erth      0%         N/A       100%        2
 Poisonous Vapours        Pois/Air       0%         N/A       100%        2
 Scorch                   Fire           0%         2d5       100%        2
 Searing Ray              Conj           0%         2d4       100%        2
 Call Canine Familiar     Summ           0%         N/A       100%        3
 Confusing Touch          Hex            0%         N/A       100%        3
 Conjure Flame            Conj/Fire      0%         6-21      100%        3
 Ignite Poison            Fire/Tmut/Pois 0%         N/A       100%        3
 Lesser Beckoning         Tloc           0%         N/A       100%        3
 Mephitic Cloud           Conj/Pois/Air  0%         N/A       100%        3
 Ozocubu's Armour         Ice            0%         N/A       100%        3
 Portal Projectile        Hex/Tloc       0%         N/A       100%        3
 Spider Form              Tmut/Pois      0%         N/A       100%        3
 Stone Arrow              Conj/Erth      0%         3d7       100%        3
 Summon Guardian Golem    Hex/Summ       0%         N/A       100%        3
 Swiftness                Air            0%         N/A       100%        3
 Tukima's Dance           Hex            0%         N/A       100%        3
 Vampiric Draining        Necr           0%         2d6       100%        3
 Anguish                  Hex/Necr       0%         N/A       100%        4
 Animate Armour           Summ/Erth      0%         N/A       100%        4
 Flame Wave               Conj/Fire      0%         2d4       100%        4
 Fulminant Prism          Conj/Hex       0%         3d6       100%        4
 Iskenderun's Mystic Bla  Conj/Tloc      0%         2d3       100%        4
 Leda's Liquefaction      Hex/Erth       0%         N/A       100%        4
 Olgreb's Toxic Radiance  Pois           0%         N/A       100%        4
 Passage of Golubria      Tloc           0%         N/A       100%        4
 Petrify                  Tmut/Erth      0%         N/A       100%        4
 Sticky Flame             Conj/Fire      0%         2d3       100%        4
 Alistair's Intoxication  Tmut/Pois      0%         N/A       100%        5
 Blade Hands              Tmut           0%         N/A       100%        5
 Borgnjor's Vile Clutch   Necr/Erth      0%         N/A       100%        5
 Fireball                 Conj/Fire      0%         3d3       100%        5
 Freezing Cloud           Conj/Ice/Air   0%         6-21      100%        5
 Irradiate                Conj/Tmut      0%         3d13      100%        5
 Iskenderun's Battlesphe  Conj           0%         2d6       100%        5
 Lee's Rapid Deconstruct  Erth           0%         3d5*      100%        5
 Metabolic Englaciation   Hex/Ice        0%         N/A       100%        5
 Silence                  Hex/Air        0%         N/A       100%        5
 Summon Forest            Summ/Tloc      0%         N/A       100%        5
 Yara's Violent Unravell  Hex/Tmut       0%         3d3       100%        5
 Conjure Ball Lightning   Conj/Air       0%         3x3d6     100%        6
 Dispersal                Tloc           0%         N/A       100%        6
 Eringya's Noxious Bog    Tmut/Pois      0%         N/A       100%        6
 Iron Shot                Conj/Erth      0%         9d1       100%        6
 Starburst                Conj/Fire      0%         6d3       100%        6
 Statue Form              Tmut/Erth      0%         N/A       100%        6
 Summon Cactus Giant      Summ           0%         N/A       100%        6
 Dragon Form              Tmut           0%         N/A       100%        7
 Enfeeble                 Hex            0%         N/A       100%        7
 Malign Gateway           Summ/Tloc      0%         N/A       100%        7
 Orb of Destruction       Conj           0%         9d5       100%        7
 Ozocubu's Refrigeration  Ice            0%         4d5       100%        7
 Spellforged Servitor     Conj/Summ      0%         N/A       100%        7
 Disjunction              Tloc           0%         N/A       100%        8
 Ignition                 Fire           0%         3d3       100%        8
 Lehudib's Crystal Spear  Conj/Erth      0%         10d2      100%        8


Dungeon Overview and Level Annotations

Branches:
Dungeon (15/15)            Temple (1/1) D:4            Lair (6/6) D:11
  Swamp (4/4) Lair:2        Snake (4/4) Lair:2        Slime (0/5) Lair:5
    Orc (2/2) D:9             Elf (3/3) Orc:2        Vaults (5/5) D:14
  Crypt (3/3) Vaults:3       Tomb (0/3) Crypt:3      Depths (4/4) D:15
    Zot (5/5) Depths:4

Altars:
Ashenzari
Cheibriados
Dithmenos
Elyvilon
Fedhas
Gozag
Hepliaklqana
Kikubaaqudgha
Makhleb
Nemelex Xobeh
Okawaru
Qazlal
Ru
Sif Muna
Trog
Uskayaw
Vehumet
Wu Jian
Xom
Yredelemnul
Zin
The Shining One
Beogh
Jiyva
Lugonu

Shops:
D:7 ?   Orc:1 *?   Orc:2 [[(=   Elf:2 =::   Elf:3 !?[[   Snake:3 *   Vaults:1 (
Vaults:2 *   Vaults:3 ([   Depths:4 (

Portals:
Hell: Depths:1 Depths:2 Depths:3 Depths:4
Abyss: Depths:3
Pandemonium: Depths:2
Ziggurat: Depths:1
Trove: Depths:2 (give horn of Geryon)

Annotations:
D:4 3 runed translucent doors, kae's ghost, amateur DgFE
Snake:1 2 transporters, initializr's ghost, adept MiBe
Depths:1 exclusion: daeva


Innate Abilities, Weirdness & Mutations

You are very frail. (-20% HP)
Your magical capacity is low. (-10% MP)
You frequently scream uncontrollably at your foes.
You are occasionally teleported next to monsters.
You are weak. (Str -2)
Your spells are a little easier to cast, but a little less powerful.
You sometimes lose the ability to read scrolls when taking damage.


Message History

You slice the orb of fire!!
The orb of fire is moderately damaged.
You slash the Orb Guardian!
The Killer Klown blinks!
You block the Orb Guardian's attack.
Unknown command.
You open the orb of fire like a pillowcase!!!
The orb of fire is heavily damaged.
You slash the Orb Guardian!
The orb of fire glows deep purple.
The bolt of fire hits the eldritch tentacle segment.
The eldritch tentacle segment completely resists.
The bolt of fire hits the eldritch tentacle.
The eldritch tentacle completely resists.
The bolt of fire hits the orb of fire.
The orb of fire completely resists.
The bolt of fire misses you. You block the Orb Guardian's attack.
The orb of fire glows red.
The bolt of fire hits the eldritch tentacle segment.
The eldritch tentacle segment completely resists.
The bolt of fire hits the eldritch tentacle.
The eldritch tentacle completely resists.
The bolt of fire hits the orb of fire.
The orb of fire completely resists.
The bolt of fire hits you!! You resist.
* * * LOW HITPOINT WARNING * * *
You barely miss the orb of fire.
The orb of fire is heavily damaged.
You slash the Orb Guardian! The Orb Guardian hits you!!
* * * LOW HITPOINT WARNING * * *
The Killer Klown blinks!
The eldritch tentacle closely misses your +9 spectral broad axe.
The eldritch tentacle claws your +9 spectral broad axe!!
Your spectral weapon shares its damage with you!
Your +9 spectral broad axe flickers and vanishes for a moment.
The orb of fire emits a lurid red light.
The bolt of fire hits the eldritch tentacle segment.
The eldritch tentacle segment completely resists.
The bolt of fire hits the eldritch tentacle.
The eldritch tentacle completely resists.
The bolt of fire misses the orb of fire.
The bolt of fire hits you! You resist.
You die...

.......
.......
.§.....
.......
.^.....
......^
...──)X▓▓
.*/..w*@▓▓
.*....().▓▓
......[.).▓
......)...▓
.........▓▓
........▓▓
..^..▓▓▓▓
▓▓▓▓▓


You could see 2 orbs of fire, an eldritch tentacle, an Orb Guardian and a
friendly +9 spectral broad axe (summoned, invisible).

Vanquished Creatures
  3 dread liches
  5 orbs of fire
  5 ancient liches
  Mara (Snake:4)
  Mennas (Crypt:3)
  Josephina (Crypt:3)
  A Killer Klown (Zot:5)
  Bai Suzhen (Crypt:1)
  Xtahua (Vaults:4)
  Saint Roka (Depths:3)
  Frederick (Crypt:1)
  Margery (Depths:1)
  11 golden dragons
  A profane servitor (Crypt:3)
  2 bone dragons
  Jory (Depths:2)
  Nikola (Snake:2)
  2 shard shrike zombies (Crypt:1)
  A Tzitzimitl (Zot:5)
  3 electric golems
  3 liches
  10 tentacled monstrosities
  12 Orb Guardians (Zot:5)
  3 deep elf blademasters
  A walking frostbound tome (Depths:3)
  2 deep elf master archers (Elf:3)
  4 titans (Vaults:5)
  A quicksilver dragon (Depths:3)
  9 acid blobs (Zot:3)
  Gastronok (D:8)
  3 sphinxes
  3 shadow dragons
  3 tengu reavers
  9 storm dragons
  6 death cobs
  3 draconian monks
  7 frost giants
  6 nagarajas (Snake:4)
  3 draconian knights
  12 fire giants
  2 revenants
  5 deep elf sorcerers
  14 vault wardens
  4 iron dragons
  3 ghost moths
  2 draconian scorchers
  2 curse skulls (Crypt:3)
  2 orc warlords
  5 spectral caustic shrikes (Depths:4)
  4 draconian shifters
  12 ghouls
  3 deep elf elementalists (Elf:3)
  2 draconian annihilators (Zot:3)
  17 very ugly things
  15 ironbound preservers
  A caustic shrike skeleton (Crypt:2)
  A reaper (Depths:3)
  4 draconian stormcallers
  An eleionoma (shapeshifter) (Vaults:5)
  2 war gargoyles (Vaults:5)
  8 ironbound thunderhulks
  3 deep elf demonologists
  8 vampire knights
  17 stone giants
  5 black draconians
  An entropy weaver (Vaults:3)
  3 eleionomae
  5 red draconians
  14 dire elephants
  4 green draconians
  17 yellow draconians
  4 bunyips
  13 deep elf annihilators
  3 white draconians
  8 spark wasps
  4 purple draconians
  6 deep elf death magi
  2 merfolk javelineers
  7 fire dragons
  3 deep elf high priests
  A mummy priest (Crypt:3)
  11 ettins
  Snorg (Lair:4)
  21 eidola
  26 vault guards
  3 great orbs of eyes
  4 shambling mangroves
  10 jiangshi (Crypt:2)
  4 spriggan zombies (Crypt:3)
  9 ice dragons
  2 rakshasas
  A peacekeeper (Vaults:2)
  12 naga warriors
  4 ogre magi
  8 yaktaur captains
  A spriggan skeleton (Crypt:2)
  4 salamander tyrants
  A ghost crab (Swamp:4)
  14 alligators
  14 hydras
  12 anacondas
  17 centaur warriors
  11 ironbound frosthearts
  2 boulder beetles
  15 two-headed ogres
  5 death knights
  8 deep troll shamans
  A death scarab (Crypt:2)
  3 death yaks (D:11)
  4 tengu warriors
  7 deep troll earth magi
  A hell hog (Depths:3)
  32 dancing weapons
  A spriggan berserker (Swamp:4)
  10 vampire magi
  13 naga sharpshooters
  6 hell knights
  2 titan zombies
  Sonja (Lair:5)
  13 shock serpents
  14 deep elf knights
  A soul eater (Depths:3)
  2 orc high priests
  A storm dragon zombie (Crypt:3)
  A bunyip zombie (Crypt:3)
  9 shadow wraiths
  2 anaconda zombies (Crypt:3)
  17 skeletal warriors
  14 flayed ghosts
  3 goliath frogs
  9 salamander mystics
  14 bog bodies
  72 deep trolls
  12 iron trolls
  An obsidian statue (D:9)
  A glowing orange brain (Vaults:3)
  The ghost of Zgarb the Magician, a novice DjWz of Ashenzari (D:7)
  4 spriggan druids
  9 swamp dragons
  A storm dragon skeleton (Depths:1)
  13 ironbound convokers
  A shadow dragon zombie (Crypt:3)
  37 deep elf pyromancers
  6 naga ritualists
  A spriggan simulacrum (Crypt:3)
  8 wizards
  9 orc knights
  25 deep elf zephyrmancers
  10 deep elf archers
  A golden dragon skeleton (Depths:1)
  12 necromancers
  18 lindwurms
  A tengu skeleton (Vaults:3)
  2 oklob plants
  31 ugly things
  2 orc sorcerers
  9 mana vipers
  25 phantasmal warriors
  5 cyclopes
  12 moths of wrath
  4 will-o-the-wisps
  6 manticores
  39 salamanders
  A frost giant zombie (Depths:1)
  A human zombie (Vaults:3)
  An iron dragon skeleton (Crypt:1)
  11 elephants (Lair:6)
  An elf zombie (Vaults:3)
  54 black mambas
  2 dire elephant zombies
  A naga zombie (Crypt:3)
  A centaur zombie (Crypt:3)
  14 vault sentinels
  An alligator snapping turtle zombie (Crypt:3)
  15 naga magi
  A smoke demon (Depths:3)
  A frost giant skeleton (Crypt:1)
  4 centaur skeletons (D:14)
  5 torpor snails (Lair:6)
  7 guardian serpents
  A gargoyle (D:11)
  13 cane toads
  A cane toad (shapeshifter) (Vaults:5)
  A naga skeleton (Crypt:2)
  6 komodo dragons
  3 freezing wraiths (Crypt:3)
  19 yaktaurs
  2 kobold demonologists
  A death yak zombie (Crypt:1)
  A white draconian zombie (Crypt:2)
  3 rime drakes
  A red draconian skeleton (Crypt:2)
  A swamp worm zombie (Crypt:1)
  A catoblepas skeleton (Crypt:2)
  An efreet (D:15)
  10 trolls
  A queen bee (D:10)
  A troll (shapeshifter) (D:14)
  3 tengu conjurers
  2 bloated husks
  4 harpy zombies
  15 slime creatures
  A polar bear (shapeshifter) (D:15)
  3 polar bears
  17 hornets
  15 tyrant leeches
  A culicivora zombie (Crypt:2)
  20 blink frogs
  A wolf spider simulacrum (D:15)
  A fire giant simulacrum (Depths:1)
  2 harpy skeletons
  4 dream sheep (Lair:5)
  4 air elementals
  An ettin skeleton (Crypt:2)
  8 flying skulls
  5 shadows
  11 wraiths
  7 water elementals
  7 spriggans
  4 wyverns
  2 ushabtiu (Crypt:3)
  3 basilisks
  A vampire (D:12)
  2 fire elementals
  A redback (D:12)
  31 yaks
  30 vampire mosquitoes
  2 steam dragons
  Grum (D:11)
  33 nagas
  13 swamp worms
  6 wargs
  An acid dragon (D:8)
  An ogre zombie (Vaults:3)
  18 water moccasins
  62 orc warriors
  2 black bears
  13 swamp drakes
  A black bear (shapeshifter) (D:14)
  An ice beast (D:6)
  3 sky beasts (Depths:1)
  A swamp dragon zombie (Crypt:1)
  9 ogres
  An elephant zombie (Crypt:2)
  A boggart (D:14)
  8 wolves
  24 centaurs
  2 phantoms
  A human skeleton (Vaults:3)
  A lindwurm skeleton (Crypt:1)
  9 kobold brigands
  A fire crab zombie (Crypt:1)
  10 bullfrogs
  An earth elemental (Elf:1)
  A gnoll sergeant (D:7)
  16 necrophages
  6 wyvern skeletons (Crypt:3)
  8 wights
  42 killer bees
  A vampire bat (D:5)
  4 electric eels
  6 howler monkeys
  22 jellies
  3 hounds
  A black bear zombie (Crypt:2)
  A gnoll shaman (D:6)
  20 orc priests
  5 iguanas
  32 orc wizards
  9 hell rats
  A mummy (Crypt:3)
  5 gnolls
  A howler monkey skeleton (Crypt:2)
  13 adders
  A river rat (D:11)
  A shadow imp (D:6)
  2 white imps
  2 worms (D:2)
  A dart slug (D:3)
  116 orcs
  2 bat skeletons (D:5)
  3 bat zombies (D:5)
  3 endoplasms
  6 giant cockroaches
  6 goblins
  12 hobgoblins
  9 jackals (D:1)
  6 quokkas
  13 ball pythons
  8 bats
  6 frilled lizards
  16 kobolds
  A kobold zombie (Crypt:2)
  14 rats
  A river rat skeleton (Crypt:1)
  2 bushes (D:10)
  2 plants
  3 withered plants (Crypt:3)
2214 creatures vanquished.

Vanquished Creatures (collateral kills)
  The ghost of Umaschye the Eclecticist, an adept DECj of Vehumet (Depths:2)
  Rupert (Lair:5)
  2 storm dragons
  A fenstrider witch (Swamp:4)
  A vault warden (Vaults:2)
  A frost giant (Depths:1)
  A draconian scorcher (Zot:5)
  A draconian annihilator (Zot:3)
  A draconian shifter (Zot:3)
  A very ugly thing (Depths:2)
  A war gargoyle (Vaults:1)
  A vampire knight (Depths:1)
  2 yellow draconians (Zot:3)
  An ettin (Vaults:3)
  A deep elf high priest (Elf:3)
  2 naga warriors
  4 vault guards (Vaults:5)
  4 hydras (Swamp:4)
  A peacekeeper (Vaults:1)
  A salamander tyrant (Snake:4)
  An ironbound frostheart (Vaults:3)
  A deep troll shaman (Depths:2)
  A tengu warrior (Depths:2)
  A naga sharpshooter (Snake:4)
  2 salamander mystics (Snake:4)
  An iron troll (Depths:2)
  3 deep trolls (Vaults:1)
  An ironbound convoker (Vaults:3)
  2 swamp dragons (Swamp:4)
  A naga ritualist (Snake:2)
  A wizard (Vaults:3)
  3 lindwurms (Vaults:3)
  2 mana vipers (Snake:4)
  An ugly thing (Vaults:3)
  A salamander (Snake:4)
  A vault sentinel (Vaults:3)
  A black mamba (Snake:2)
  A guardian serpent (Snake:4)
  2 yaktaurs (Vaults:2)
  A spriggan (Swamp:4)
  A naga (Snake:2)
  A swamp drake (Swamp:4)
  A jelly (Zot:3)
60 creatures vanquished.

Vanquished Creatures (others)
  A lich (Depths:2)
  A spriggan simulacrum (Crypt:3)
  A moth of wrath (Zot:3)
  2 bloated husks
  An iron dragon simulacrum (Crypt:3)
  A centaur simulacrum (Crypt:3)
  A water elemental (Elf:3)
  A swamp drake (Swamp:1)
  8 foxfires
  13 fungi
  81 plants
  29 withered plants (Crypt:3)
140 creatures vanquished.

Grand Total: 2414 creatures vanquished

Notes
Turn   | Place    | Note
-------+----------+-------------------------------------------
     0 | D:1      | boracarina the Hill Orc Gladiator began the quest for the
                  | Orb.
     0 | D:1      | Reached XP level 1. HP: 18/18 MP: 1/1
   106 | D:1      | Reached XP level 2. HP: 25/25 MP: 2/2
   106 | D:1      | Found a faded altar of an unknown god.
   347 | D:1      | Reached XP level 3. HP: 23/30 MP: 3/3
  1012 | D:1      | HP: 1/31 [frozen (1)]
  1856 | D:2      | Reached XP level 4. HP: 29/38 MP: 4/4
  1860 | D:2      | Identified a scroll of acquirement
  1860 | D:2      | Acquired a +5 vorpal broad axe
  2670 | D:2      | Reached skill level 5 in Axes
  2845 | D:2      | Reached XP level 5. HP: 11/46 MP: 5/5
  3540 | D:3      | Found a sparkling altar of Nemelex Xobeh.
  3789 | D:3      | Found a glowing silver altar of Zin.
  3815 | D:3      | Found a broken altar of Ashenzari.
  4381 | D:4      | Noticed a black bear
  4409 | D:4      | Found a staircase to the Ecumenical Temple.
  4413 | D:4      | Reached skill level 5 in Fighting
  4413 | D:4      | Reached XP level 6. HP: 36/56 MP: 6/6
  4503 | D:4      | Killed a black bear
  4650 | Temple   | Entered the Ecumenical Temple
  4723 | Temple   | Became a worshipper of the Shining One
  4750 | D:4      | Noticed kae's ghost (amateur DgFE)
  4778 | D:4      | Found a runed translucent gate.
  4778 | D:4      | Found a runed translucent gate.
  4841 | D:4      | Found a bloodstained altar of Trog.
  4971 | D:4      | Reached XP level 7. HP: 59/63 MP: 7/7
  5041 | D:4      | Found a runed translucent gate.
  5294 | D:5      | Entered Level 5 of the Dungeon
  5310 | D:5      | Found a shimmering altar of Xom.
  5311 | D:5      | Identified the +1 pair of gloves of the Moon {rC- Will+
                  | Str+4}
  5932 | D:5      | Reached * piety under the Shining One
  5940 | D:5      | Found an ancient bone altar of Kikubaaqudgha.
  6112 | D:6      | Identified the +7 trident "Wuystoss" {protect, Contam Dex+5
                  | Stlth+}
  6126 | D:6      | Reached XP level 8. HP: 73/73 MP: 8/8
  6449 | D:6      | Noticed a troll
  6458 | D:6      | Reached skill level 10 in Axes
  6461 | D:6      | Killed a troll
  7052 | D:6      | Reached XP level 9. HP: 81/84 MP: 9/9
  7189 | D:6      | Found a white marble altar of Elyvilon.
  7205 | D:6      | Reached ** piety under the Shining One
  7221 | D:6      | Reached skill level 10 in Fighting
  7666 | D:7      | Found an ornate altar of the Wu Jian Council.
  7959 | D:7      | Found Kedanit's Magic Scroll Emporium.
  7973 | D:7      | Bought a scroll of teleportation for 39 gold pieces
  7973 | D:7      | Bought a scroll of enchant weapon for 97 gold pieces
  7973 | D:7      | Bought a scroll of brand weapon for 260 gold pieces
  7973 | D:7      | Bought a scroll of identify for 26 gold pieces
  7973 | D:7      | Bought a scroll of teleportation for 39 gold pieces
  7973 | D:7      | Bought a scroll of identify for 26 gold pieces
  8082 | D:7      | Noticed Zgarb's ghost (novice DjWz)
  8146 | D:7      | Found a runed translucent door.
  8368 | D:7      | Found a hide-covered altar of Uskayaw.
  8368 | D:7      | Found a faded altar of an unknown god.
  8528 | D:7      | Found a hazy altar of Hepliaklqana.
  8530 | D:7      | Found an iron altar of Okawaru.
  8532 | D:7      | Found an opulent altar of Gozag.
  8593 | D:7      | Killed Zgarb's ghost
  8594 | D:7      | Reached XP level 10. HP: 97/97 MP: 10/10
  9214 | D:8      | Noticed Gastronok
  9228 | D:8      | Killed Gastronok
  9696 | D:9      | Reached *** piety under the Shining One
  9697 | D:9      | Found a roughly hewn altar of Beogh.
  9774 | D:9      | Found a staircase to the Orcish Mines.
  9824 | D:9      | Reached skill level 15 in Axes
  9831 | D:9      | Reached XP level 11. HP: 53/108 MP: 11/11
 10195 | D:9      | Noticed a two-headed ogre
 10202 | D:9      | Killed a two-headed ogre
 10240 | D:9      | Noticed a manticore
 10249 | D:9      | Killed a manticore
 10254 | D:9      | Noticed a tengu warrior
 10290 | D:9      | Killed a tengu warrior
 10395 | D:9      | Found a stormy altar of Qazlal.
 10437 | D:9      | Noticed a manticore
 10444 | D:9      | Killed a manticore
 10780 | D:9      | Reached skill level 15 in Fighting
 10960 | D:9      | Noticed an obsidian statue
 10982 | D:9      | Killed an obsidian statue
 11226 | D:10     | Entered Level 10 of the Dungeon
 11227 | D:10     | Noticed a four-headed hydra
 11254 | D:9      | Killed a one-headed hydra
 11696 | D:10     | Noticed a two-headed ogre
 11703 | D:10     | Killed a two-headed ogre
 11927 | D:10     | Found a shadowy altar of Dithmenos.
 12032 | D:10     | Reached XP level 12. HP: 102/122 MP: 14/14
 12229 | D:10     | Identified the +9 flail of Departure {vorpal, Str+3}
 12241 | D:10     | Found a blossoming altar of Fedhas.
 12334 | D:10     | Reached skill level 5 in Invocations
 12587 | Orc:1    | Entered Level 1 of the Orcish Mines
 12591 | Orc:1    | Reached **** piety under the Shining One
 12621 | Orc:1    | Found Lefyedoe's General Store.
 12630 | Orc:1    | Bought a scroll of teleportation for 39 gold pieces
 12630 | Orc:1    | Bought a scroll of teleportation for 39 gold pieces
 12648 | Orc:1    | Reached skill level 5 in Armour
 13269 | Orc:1    | Found Uwi Arat's Magic Scroll Emporium.
 13421 | Orc:2    | Entered Level 2 of the Orcish Mines
 13439 | Orc:2    | Found a staircase to the Elven Halls.
 13598 | Orc:2    | Noticed an orc warlord
 13602 | Orc:2    | Noticed an orc high priest
 13608 | Orc:2    | Noticed a sun demon
 13612 | Orc:2    | Killed an orc warlord
 14823 | Orc:2    | Found Edgharaorch's Antique Weapon Emporium.
 14827 | Orc:2    | Found a roughly hewn altar of Beogh.
 14834 | Orc:2    | Found Yratuxkir's Antique Armour Shoppe.
 14849 | Orc:2    | Bought a glowing cloak for 187 gold pieces
 14880 | Orc:2    | Killed an orc high priest
 14906 | Orc:2    | Found a roughly hewn altar of Beogh.
 15066 | Orc:2    | Found a roughly hewn altar of Beogh.
 15075 | Orc:2    | Found Eveirits's Jewellery Shoppe.
 15318 | Orc:2    | Found a roughly hewn altar of Beogh.
 15325 | Orc:2    | Found Yczeha's Armour Shop.
 15349 | Orc:2    | Bought the +3 Mad Mage's Maulers {Infuse+∞ RegenMP Int-3}
                  | for 520 gold pieces
 15349 | Orc:2    | Found the +3 Mad Mage's Maulers {Infuse+∞ RegenMP Int-3}
 15405 | Orc:2    | Found a roughly hewn altar of Beogh.
 15518 | Orc:2    | Noticed an ettin
 15525 | Orc:2    | Killed an ettin
 15589 | Orc:2    | Reached skill level 10 in Invocations
 15749 | Orc:2    | Found a roughly hewn altar of Beogh.
 15952 | Orc:2    | Reached XP level 13. HP: 113/128 MP: 0/20
 16019 | Orc:2    | Noticed an orc warlord
 16033 | Orc:2    | Reached ***** piety under the Shining One
 16044 | Orc:2    | HP: 4/128 [orc warlord/+2 war axe of freezing (10)]
 16044 | Orc:2    | HP: 1/128 [orc warlord/+2 war axe of freezing (3)]
 17168 | Orc:2    | Identified the ring of the Garden {Fly rElec rN+ SInv}
 17920 | D:11     | Noticed Grum
 17935 | D:11     | Killed Grum
 17942 | D:11     | Reached skill level 10 in Armour
 18209 | D:11     | You fall into a shaft and drop 2 floors!
 18437 | D:11     | Found a staircase to the Lair.
 19141 | D:12     | Reached skill level 1 in Evocations
 19899 | D:12     | Reached skill level 5 in Evocations
 19899 | D:12     | Reached XP level 14. HP: 137/137 MP: 0/23
 21756 | D:14     | Found a hide-covered altar of Uskayaw.
 23579 | D:14     | Reached skill level 10 in Evocations
 24024 | D:14     | Reached ****** piety under the Shining One
 24691 | D:14     | Found a gate to the Vaults.
 25598 | D:15     | Entered Level 15 of the Dungeon
 26005 | D:15     | Found an opulent altar of Gozag.
 26051 | D:15     | Found a staircase to the Depths.
 26380 | Lair:1   | Entered Level 1 of the Lair of Beasts
 26498 | Lair:1   | Reached XP level 15. HP: 136/146 MP: 1/24
 27603 | Lair:2   | Found a staircase to the Snake Pit.
 27831 | Lair:2   | Found a staircase to the Swamp.
 29512 | Lair:2   | Identified the ring of Attitude {rF+ Int+4 Dex+6}
 29516 | Lair:2   | Identified the +3 ring mail "Teecwijoe" {rC+ rN+ Will-
                  | Dex+5}
 29808 | Lair:3   | Noticed Snorg
 30581 | Lair:4   | Killed Snorg
 31832 | Lair:5   | Noticed Rupert
 31844 | Lair:5   | Killed Rupert
 32233 | Lair:5   | Noticed Sonja
 32242 | Lair:5   | Killed Sonja
 32636 | Lair:5   | Found a viscous altar of Jiyva.
 32638 | Lair:5   | Found a staircase to the Slime Pits.
 32737 | Lair:6   | Entered Level 6 of the Lair of Beasts
 32901 | Lair:6   | Reached XP level 16. HP: 161/161 MP: 26/26
 33156 | Lair:6   | Found a runed translucent door.
 33720 | Lair:6   | Reached skill level 15 in Invocations
 35531 | Swamp:1  | Entered Level 1 of the Swamp
 39473 | Swamp:3  | Reached XP level 17. HP: 171/173 MP: 29/29
 40258 | Swamp:4  | Entered Level 4 of the Swamp
 42214 | Swamp:4  | Got a decaying rune of Zot
 43178 | Snake:1  | Entered Level 1 of the Snake Pit
 43301 | Snake:1  | Noticed initializr's ghost (adept MiBe)
 43302 | Snake:1  | Found a transporter.
 44992 | Snake:1  | Found a transporter.
 45482 | Snake:2  | Reached skill level 1 in Shields
 45648 | Snake:2  | Reached XP level 18. HP: 175/187 MP: 31/31
 46182 | Snake:2  | Noticed Nikola
 46192 | Snake:2  | Killed Nikola
 46245 | Snake:2  | Reached skill level 5 in Shields
 48845 | Snake:3  | Found Fism's Overcharged Wands.
 49113 | Snake:4  | Entered Level 4 of the Snake Pit
 50845 | Snake:4  | Noticed Mara
 50849 | Snake:4  | Noticed boracarina's illusion
 50855 | Snake:4  | Noticed boracarina's illusion
 50865 | Snake:4  | Killed Mara
 50866 | Snake:4  | Reached skill level 10 in Shields
 51765 | Snake:4  | Reached XP level 19. HP: 138/198 MP: 32/32
 53411 | Snake:4  | Got a serpentine rune of Zot
 54673 | Vaults:1 | Entered Level 1 of the Vaults
 54827 | Vaults:1 | Found Aphorgh's Antique Weapon Boutique.
 55512 | Vaults:1 | HP: 9/200 [ironbound frostheart/creeping frost (30)]
 57284 | Vaults:1 | Reached XP level 20. HP: 138/209 MP: 33/33
 57286 | Vaults:1 | Reached skill level 15 in Shields
 58630 | Elf:1    | Entered Level 1 of the Elven Halls
 58736 | Elf:1    | Paralysed by an air elemental for 1 turns
 59241 | Elf:1    | Got the Papyrus of Attacks
 60207 | Elf:1    | Identified the +0 robe "Voumodiong" {rElec MP-9 Int+4
                  | Slay+2}
 60383 | Elf:2    | Paralysed by an air elemental for 1 turns
 60385 | Elf:2    | Paralysed by an air elemental for 1 turns
 60457 | Elf:2    | Reached skill level 15 in Armour
 61052 | Elf:2    | Found a runed translucent gate.
 61052 | Elf:2    | Found a runed translucent gate.
 61053 | Elf:2    | Found a runed translucent gate.
 61147 | Elf:2    | Found Tycoed's Jewellery Emporium.
 61147 | Elf:2    | Found Weloelos's Book Boutique.
 61152 | Elf:2    | Found Wuvaesk's Book Boutique.
 64272 | Vaults:2 | Reached XP level 21. HP: 126/221 MP: 34/34
 66101 | Vaults:2 | Found Nuru's General Store.
 66109 | Vaults:2 | Bought a scroll of blinking for 150 gold pieces
 66109 | Vaults:2 | Bought the +0 helmet of Recklessness {rElec} for 370 gold
                  | pieces
 66109 | Vaults:2 | Bought a scroll of enchant weapon for 150 gold pieces
 67242 | Vaults:3 | Found a staircase to the Crypt.
 67483 | Vaults:3 | Reached skill level 27 in Fighting
 68058 | Vaults:3 | Identified the +0 plate armour of Generosity {rF- rC+ Dex+2
                  | Stlth+}
 68084 | Vaults:3 | Found Omotafru's Antique Weapon Emporium.
 68105 | Vaults:3 | Found Hauxtim's Antique Armour Emporium.
 68136 | Vaults:3 | Bought a pair of runed boots for 307 gold pieces
 68141 | Vaults:3 | Bought a pair of glowing boots for 307 gold pieces
 68151 | Vaults:3 | Bought a pair of runed boots for 307 gold pieces
 68601 | Crypt:1  | Entered Level 1 of the Crypt
 69735 | Vaults:4 | Noticed Xtahua
 69742 | Vaults:4 | Killed Xtahua
 69791 | Vaults:4 | Reached XP level 22. HP: 191/233 MP: 35/35
 69975 | Vaults:4 | Noticed an ancient lich
 69985 | Vaults:4 | Killed an ancient lich
 71590 | Elf:3    | Entered Level 3 of the Elven Halls
 71648 | Elf:3    | Found Engaxt's Magic Scroll Emporium.
 71868 | Elf:3    | Reached skill level 5 in Dodging
 71939 | Elf:3    | Found Beqeseuf's Distillery.
 71950 | Elf:3    | Bought 2 potions of might for 104 gold pieces
 71950 | Elf:3    | Bought a potion of heal wounds for 65 gold pieces
 71950 | Elf:3    | Bought a potion of curing for 39 gold pieces
 72032 | Elf:3    | Bought a scroll of blinking for 135 gold pieces
 72095 | Elf:3    | Identified the +0 robe of Pantheism {rN+}
 72361 | Elf:3    | Found Waxocra's Antique Armour Emporium.
 72479 | Elf:3    | Identified the +7 chain mail "Ocru" {-Tele Dex+4 SInv}
 72566 | Elf:3    | Found Fiots's Armour Shop.
 73163 | Elf:3    | Got the Handbook of Supportive Snow
 73922 | Crypt:1  | Noticed a dread lich
 73931 | Crypt:1  | Killed a dread lich
 73953 | Crypt:1  | Noticed Frederick
 73962 | Crypt:1  | Killed Frederick
 74178 | Crypt:1  | Found the +6 Majin-Bo {vamp, MP+6 Int+6}
 74245 | Crypt:1  | Noticed Bai Suzhen
 74255 | Crypt:1  | Killed Bai Suzhen
 74256 | Crypt:1  | Reached XP level 23. HP: 189/240 MP: 36/36
 75332 | Crypt:3  | Entered Level 3 of the Crypt
 75455 | Crypt:3  | Noticed Mennas
 75488 | Crypt:3  | Killed Mennas
 75851 | Crypt:3  | Found a staircase to the Tomb.
 76158 | Crypt:3  | Found a basalt altar of Yredelemnul.
 76483 | Crypt:3  | Identified the ring of the Hero {Ice Contam rElec Dex+2
                  | SInv}
 76483 | Crypt:3  | Noticed Josephina
 76497 | Crypt:3  | Killed Josephina
 78106 | Crypt:3  | Identified a +9 war axe of holy wrath (a +9 antimagic war
                  | axe blessed by the Shining One)
 78106 | Crypt:3  | Received a gift from the Shining One
 78246 | Crypt:3  | Identified the +1 plate armour of the Lich-sworn {rPois}
 78247 | Crypt:3  | Identified the +3 lajatang of Superiority {vorpal, rElec
                  | rF- rC+++ Will-}
 79631 | Crypt:3  | Got the Collected Works on the Traveller and Earth
 80083 | Depths:1 | Entered Level 1 of the Depths
 80180 | Depths:1 | Found a gateway to Hell.
 80180 | Depths:1 | Noticed Margery
 80200 | Depths:1 | Noticed a golden dragon
 80204 | Depths:1 | Killed Margery
 80209 | Depths:1 | Killed a golden dragon
 80330 | Depths:1 | Found a one-way gateway to a ziggurat.
 80336 | Depths:1 | Reached XP level 24. HP: 221/249 MP: 36/36
 81241 | Depths:2 | Found a transporter.
 81246 | Depths:2 | Noticed Umaschye's ghost (adept DECj)
 81280 | Depths:2 | Found a transporter.
 82475 | Depths:2 | Found a one-way gate leading to the halls of Pandemonium.
 82477 | Depths:2 | Found a corrupted altar of Lugonu.
 82501 | Depths:2 | Acquired 691 gold pieces
 82817 | Depths:2 | Noticed Jory
 82831 | Depths:2 | Killed Jory
 83288 | Depths:2 | Found a portal to a secret trove of treasure.
 83604 | Depths:2 | Killed Umaschye's ghost
 83748 | Depths:2 | Reached XP level 25. HP: 257/257 MP: 36/36
 83906 | Depths:3 | Reached skill level 27 in Axes
 84253 | Depths:3 | Noticed Saint Roka
 84282 | Depths:3 | Killed Saint Roka
 84560 | Depths:3 | Found a one-way gate to the infinite horrors of the Abyss.
 84854 | Depths:3 | Reached XP level 26. HP: 261/266 MP: 36/36
 85078 | Depths:4 | Entered Level 4 of the Depths
 86404 | Depths:4 | Found a gate to the Realm of Zot.
 86972 | Depths:4 | Found Kuyptez's Weapon Boutique.
 86995 | Depths:4 | Found the +9 scales of the Dragon King {rPois rF+ rC+
                  | Will+}
 87112 | Depths:4 | Found a shimmering blue altar of Sif Muna.
 87272 | Depths:1 | Identified the +5 scale mail of the Wilderness {rElec
                  | Str+6}
 87580 | Vaults:5 | Entered Level 5 of the Vaults
 87583 | Vaults:5 | Noticed a dread lich
 87598 | Vaults:5 | Killed a dread lich
 87599 | Vaults:5 | Reached skill level 10 in Dodging
 87661 | Vaults:5 | Noticed an ancient lich
 87668 | Vaults:5 | Killed an ancient lich
 87726 | Vaults:5 | Noticed an ancient lich
 87737 | Vaults:5 | Killed an ancient lich
 87767 | Vaults:5 | Noticed an ancient lich
 87775 | Vaults:5 | Killed an ancient lich
 87782 | Vaults:5 | Identified the +9 dagger of Strategic Superiority {venom,
                  | +Blink}
 87791 | Vaults:5 | Identified the +8 demon blade "Jakomaenk" {freeze, Will+
                  | MP+9}
 87818 | Vaults:5 | Reached XP level 27. HP: 43/273 MP: 36/36
 88322 | Vaults:5 | Noticed a dread lich
 88332 | Vaults:5 | Killed a dread lich
 88397 | Vaults:5 | Got a silver rune of Zot
 88770 | Vaults:5 | Found the +8 orange crystal plate armour {Archmagi, Int+3
                  | Clar}
 88787 | Vaults:5 | Identified the ring "Seluur" {*Slow Int+10 Dex+6}
 88791 | Vaults:5 | Identified the +5 shortbow of Magnificence {freeze, Dex+4}
 89532 | Zot:1    | Entered Level 1 of the Realm of Zot
 89850 | Zot:1    | Noticed an orb of fire
 89852 | Zot:1    | Gained mutation: You occasionally shout uncontrollably at
                  | your foes. [an orb of fire]
 89856 | Zot:1    | Gained mutation: You sometimes lose the ability to read
                  | scrolls when taking damage. [an orb of fire]
 89857 | Zot:1    | Gained mutation: You are frail. (-10% HP) [an orb of fire]
 89862 | Zot:1    | Gained mutation: You frequently scream uncontrollably at
                  | your foes. [an orb of fire]
 89865 | Zot:1    | Killed an orb of fire
 89919 | Zot:1    | Noticed an orb of fire
 89919 | Zot:1    | Gained mutation: You are occasionally teleported next to
                  | monsters. [an orb of fire]
 89921 | Zot:1    | Noticed an orb of fire
 89922 | Zot:1    | Gained mutation: You are very frail. (-20% HP) [an orb of
                  | fire]
 89929 | Zot:1    | Killed an orb of fire
 89936 | Zot:1    | Gained mutation: Your spells are a little easier to cast,
                  | but a little less powerful. [an orb of fire]
 89939 | Zot:1    | Killed an orb of fire
 90147 | Zot:1    | Reached skill level 15 in Dodging
 92548 | Zot:5    | Entered Level 5 of the Realm of Zot
 92555 | Zot:5    | Noticed an orb of fire
 92557 | Zot:5    | Noticed an orb of fire
 92560 | Zot:5    | Gained mutation: You are weak. (Str -2) [an orb of fire]
 92574 | Zot:5    | Killed an orb of fire
 92577 | Zot:5    | Gained mutation: Your magical capacity is low. (-10% MP)
                  | [an orb of fire]
 92582 | Zot:5    | Noticed an ancient lich
 92585 | Zot:5    | Killed an orb of fire
 92602 | Zot:5    | Noticed an orb of fire
 92603 | Zot:5    | Killed an ancient lich
 92608 | Zot:5    | Noticed an orb of fire
 92611 | Zot:5    | HP: 1/233 [Orb Guardian (28)]
 92611 | Zot:5    | Killed from afar by an orb of fire

Illustrated notes

Levels and vault maps discovered:
D:1:      co_arrival_random_square_maze, layout_loops_ring,
          basic_ecumenical_altar, minmay_misc_feat_pillars, st_stairs_2,
          chequers_serial_rivers_micro_c
D:2:      minmay_recursive_quarters, layout_loops_ring, hangedman_decor_points,
          grunt_ministairs_12
D:3:      layout_loops_ring, nicolae_overflow_hidden_temple, zin_statuary,
          old_standard_altar, minmay_distorted
D:4:      minmay_chambers_of_fours, layout_rooms, mainiacjoe_overflow_paths,
          temple_statues, gammafunk_ghost_icy, serial_glass, glass_columns_a,
          glass_columns_a
D:5:      layout_gridville, kennysheep_vampire_church, amcnicky_altar_gilded,
          nrook_loot_triangle
D:6:      layout_loops_ring, elyvilon_altar_3, nzn_random_ring
D:7:      layout_rooms, chequers_temple_overflow_minitemple,
          lemuel_crystal_altar, serial_shops, nicolae_diamond_shop,
          hellmonk_ghost_happy_afterlife
D:8:      layout_loops_corners, grunt_decor_one_mirror, uniq_gastronok
D:9:      cheibrodos_fzero, layout_cave_pools, mainiacjoe_overflow_alcove_1,
          david_orc_5, minivault_16
D:10:     layout_cave_pools, tgw_fedhas, nicolae_dithmenos_shadow_blocks,
          special_room [special_room_bee]
D:11:     layout_rooms, dpeg_lair_monsters, uniq_grum
D:12:     layout_roguey, lightli_fourway_metalbox
D:13:     layout_cave_pools
D:14:     layout_loops_ring, hangedman_vaults_entry_quadrant_bands,
          minmay_misc_feat_doors, corner_web_ring,
          eat_drink_and_be_merry_uskayaw
D:15:     grunt_enter_depths_hoard, layout_gridville, nicolae_gozag_seed_capital
Temple:   corrupted_temple
Lair:1:   layout_misc_corridors
Lair:2:   dragon1_lemuel, layout_hall_layers, skrybe_swamp_entry_bodies,
          minmay_snake_entry_six_corridors, minmay_lindwurm_lava
Lair:3:   layout_hall_layers, uniq_snorg
Lair:4:   layout_cave_pods, pond
Lair:5:   layout_big_grid, slime_altar_1, infiniplex_staircase_pool,
          grunt_megastairs_2, uniq_sonja, uniq_rupert
Lair:6:   wormcave, layout_regular_city, serial_bayou_lagoon_b,
          lemuel_fruit_tree
Swamp:1:  layout_basic_swamp, evilmike_swamp_ruin_rubble_1,
          infiniplex_staircase_pool_2
Swamp:2:  layout_basic_swamp, evilmike_swamp_ruin_house_4
Swamp:3:  layout_falls_marsh, evilmike_swamp_ruin_house_2
Swamp:4:  swamp_basic_johnstein, layout_basic_swamp, nicolae_swamp_little_swirl
Snake:1:  layout_onion_interference, gammafunk_ghost_arena, serial_bayou_shore_a
Snake:2:  layout_onion_interference, grunt_ministairs_12, grunt_megastairs_5,
          uniq_nikola
Snake:3:  layout_misc_corridors, nicolae_shop_overcharged_wands
Snake:4:  grunt_snake_rune_pools, layout_cave_town, uniq_mara
Orc:1:    layout_diamond_mine, serial_shops, nicolae_shop_hallway_plus, shop
Orc:2:    grunt_orc_community_town_hall, layout_caves,
          grunt_orc_community_big_house_2, grunt_orc_community_big_house_2,
          grunt_orc_community_house_1, grunt_orc_community_house_1,
          grunt_orc_community_house_3, grunt_orc_community_house_1,
          minmay_orc_treasury
Elf:1:    eino_elf_arrival_shootout, layout_loops_corners,
          minmay_elf_annihilation
Elf:2:    nicolae_elf_blades_splatter_lattice [infiniplex_blade_entry_pillars],
          layout_geoelf_diagonals, minmay_shop_grove
Elf:3:    elf_hall, layout_geoelf_octagon, serial_shops,
          nicolae_shop_window_shopping, nicolae_shop_statue_plus, shop,
          nicolae_lakefront_shop, hangedman_elf_represent
Vaults:1: v_misc_25, ontoclasm_vaults_shout, vaults_room_octagon,
          hangedman_vaults_nails, v_misc_18, v_alt_pattern_5,
          nicolae_vaults_little_squares_6, layout_vaults_omnigrid, serial_shops,
          shop
Vaults:2: vaults_mumra_chevron, v_misc_10, vaults_dpeg_hooks, v_misc_32,
          nicolae_vaults_border_crossing, ontoclasm_vaults_decontamination,
          nicolae_vaults_what_the_h, v_misc_22, layout_vaults_chaotic_city,
          serial_shops, shop
Vaults:3: vaults_dpeg_doors, nicolae_vaults_little_squares_4, kb_rosetta,
          vaults_mumra_hex, nicolae_vaults_little_squares_3,
          ontoclasm_vaults_gateway, nicolae_vaults_network_s, v_misc_16,
          minmay_crypt_entry_simple_corners, dpeg_vaults_monster_box,
          grunt_vaults_diagonal, v_alt_pattern_1, nicolae_vaults_asterisk,
          nicolae_vaults_alarming, vaults_room_stairs_pillars,
          layout_vaults_omnicross, serial_shops, nicolae_shop_advertising_works
          [nicolae_subvault_shop_adworks], shop
Vaults:4: grunt_vaults_trifunnel, hangedman_vaults_maws, vaults_room_pool,
          v_misc_28, v_misc_2, v_misc_27, v_alt_pattern_1,
          nicolae_vaults_little_squares_3, nicolae_vaults_little_squares_5,
          ontoclasm_vaults_chip, v_misc_24, nicolae_vaults_diagonal_hallway_9,
          layout_vaults_maze_snakey, uniq_xtahua
Vaults:5
Crypt:1:  minmay_guarded_unrand_majin_bo, layout_regular_city, uniq_frederick,
          uniq_bai_suzhen
Crypt:2:  layout_chaotic_city, st_stairs_8, grunt_ministairs_10,
          hellmonk_scarab_ruin, lemuel_upstairs_altar, grunt_megastairs_1
Crypt:3:  evilmike_haunted_forest, uniq_mennas, uniq_josephina
Depths:1: layout_cave_pools, enter_ziggurat_c, grunt_metal_band,
          wad_floor_pattern_untrapped, small_chamber_with_monster,
          dreamdust_looks_like_rain
Depths:2: due_jory_tower, layout_cave_shapes, pan_entry, enter_trove_3,
          chequers_serial_rivers_micro_a, pf_coc_iceberg, serial_column_ruins,
          column_ruins_hut, column_ruins_open_large, column_ruins_grid_1,
          column_ruins_grid_3, gammafunk_ghost_arena, tgw_lugonu_bribe
Depths:3: grunt_bruiser_brothers, layout_cave_pools,
          abyss_entry_small_statue_room, hellmouth_1,
          chequers_serial_rivers_micro_b, st_stairs_13, uniq_saint_roka
Depths:4: grunt_x_marks_the_spot, layout_cave_pools, serial_shops,
          nicolae_shop_hallway_plus, hellmonk_bongcloud_opening,
          pf_hell_entry_tar_river, chequers_jeans, lemuel_blue_sif_altar,
          uniq_jory
Zot:1:    layout_cathedral_of_symmetry
Zot:2:    layout_cathedral_of_symmetry, grunt_megastairs_4
Zot:3:    lemuel_acid_trip, layout_cathedral_of_symmetry
Zot:4:    layout_twisted_circle, uniq_tiamat
Zot:5:    layout_basic, st_stairs_14

Skill      XL: |  1  2  3  4  5  6  7  8  9 10 11 12 13 14 15 16 17 18 19 20 21 22 23 24 25 26 27 |
---------------+----------------------------------------------------------------------------------+-----
Throwing       | 2 |  2.2
Fighting       | 3 4 5 6 7 9 11 13 16 19 21 22 23 24 26 27 | 27.0
Dodging        | 3 6 7 13 18 | 18.4
Axes           | 5 6 7 8 10 13 15 16 17 18 23 26 27 | 27.0
Armour         | 3 8 11 12 14 16 19 20 | 20.5
Invocations    | 3 10 13 14 17 19 | 19.0
Evocations     | 5 10 | 10.1
Shields        | 2 10 14 16 17 19 20 | 20.0

Action                   |  1- 3 |  4- 6 |  7- 9 | 10-12 | 13-15 | 16-18 | 19-21 | 22-24 | 25-27 || total
-------------------------+-------+-------+-------+-------+-------+-------+-------+-------+-------++-------
Melee: War axe           |    73 |     3 |       |       |       |       |    60 |    60 |       ||   196
       Punch             |     1 |     1 |       |     6 |     9 |    13 |       |       |       ||    30
       Broad axe         |       |   127 |   162 |   301 |   547 |   811 |   879 |  1050 |   876 ||  4753
       Hand axe          |       |       |       |    12 |    40 |    80 |       |       |       ||   132
Invok: Divine Shield     |       |       |     1 |     1 |     2 |     4 |     8 |     5 |     5 ||    26
       Summon Divine War |       |       |       |       |     1 |     4 |     7 |     4 |     7 ||    23
       Cleansing Flame   |       |       |       |       |       |       |       |     2 |     8 ||    10
       Brand Weapon With |       |       |       |       |       |       |       |     1 |       ||     1
Evoke: Wand              |       |       |       |     8 |       |    39 |     1 |       |     6 ||    54
       Phantom mirror    |       |       |       |       |     1 |     2 |       |     1 |       ||     4
  Use: Scroll            |       |     6 |    11 |     9 |    18 |     1 |     6 |    13 |     8 ||    72
       Potion            |       |     4 |     1 |     6 |     7 |     3 |     9 |    10 |    13 ||    53
 Stab: Sleeping          |     1 |       |       |       |       |       |       |       |       ||     1
Armor: Leather armour    |    31 |     4 |       |       |       |       |       |       |       ||    35
       Ring mail         |       |    73 |    14 |       |       |       |       |       |       ||    87
       Scale mail        |       |       |    53 |   107 |   313 |   449 |   229 |   286 |    99 ||  1536
       Gold dragon scale |       |       |       |       |       |       |       |       |   306 ||   306
       Skin              |       |       |       |       |       |       |       |       |     4 ||     4
Dodge: Dodged            |    85 |    94 |    86 |   134 |   269 |   337 |   167 |   199 |   293 ||  1664
Block: Other             |       |       |     1 |       |     5 |    53 |       |       |       ||    59
       Kite shield       |       |       |       |       |       |   239 |   615 |       |       ||   854
       Reflection        |       |       |       |       |       |    40 |    66 |    53 |       ||   159
       Tower shield      |       |       |       |       |       |       |    58 |   992 |   857 ||  1907

Table legend: (Time is in decaauts)
 A = Elapsed time spent in this place.
 B = Non-inter-level travel time spent in this place.
 C = Inter-level travel time spent in this place.
 D = Time resting spent in this place.
 E = Time spent auto-exploring this place.
 F = Levels seen in this place.
 G = Mean time per level.
                   A        B        C        D        E       F      G
               +--------+--------+--------+--------+--------+-----+--------+
         Total |  92119 |  85980 |   6139 |  33351 |  40930 |  52 | 1771.5 |
       Dungeon |  23307 |  20789 |   2518 |   6588 |  11665 |  15 | 1553.8 |
        Temple |     88 |     31 |     57 |      0 |     23 |   1 |   88.0 |
          Lair |   9280 |   8992 |    288 |   2099 |   6052 |   6 | 1546.7 |
         Swamp |   7748 |   7402 |    346 |   4028 |   2446 |   4 | 1937.0 |
     Snake Pit |  10156 |   9906 |    250 |   5338 |   3336 |   4 | 2539.0 |
  Orcish Mines |   5061 |   4877 |    184 |   2907 |   1440 |   2 | 2530.5 |
   Elven Halls |   6101 |   5751 |    350 |   1107 |   3832 |   3 | 2033.7 |
        Vaults |  13715 |  12414 |   1301 |   4256 |   6546 |   5 | 2743.0 |
         Crypt |   6443 |   6203 |    240 |   2834 |   2369 |   3 | 2147.7 |
        Depths |   7386 |   6908 |    478 |   2555 |   3032 |   4 | 1846.5 |
           Zot |   2829 |   2708 |    121 |   1637 |    187 |   5 |  565.8 |
               +--------+--------+--------+--------+--------+-----+--------+

Top non-repeatable levels by time:
 Snake:4: 4686 daAuts
 Crypt:3: 4382 daAuts
    D:14: 4145 daAuts
Vaults:2: 4085 daAuts
Vaults:1: 4065 daAuts
   Orc:2: 3500 daAuts
  Lair:2: 2720 daAuts
   Elf:2: 2660 daAuts
  Lair:6: 2301 daAuts
 Swamp:3: 2296 daAuts
    D:12: 2271 daAuts
     D:9: 2222 daAuts
Depths:3: 2130 daAuts
 Swamp:2: 2026 daAuts
 Snake:3: 2026 daAuts
